Unix NetHack Version 5.0.0-0 post-release - last build May 17 2026 04:57:42 (dc50c8380fa5e20985bfe3072449f57b8d9895ef,branch:main).

Game began 2026-05-18 17:57:43, ended 2026-05-18 18:25:13.

ArrBianca, lawful female human Monk

                                                                    ---------
                                                                    }.}.}.}F|
                                                                    .)......|
                                                                     .....%.|
                                                                     .......|
                                                                      ......|
                          .....                                       ......|
                            }.......                                  }.....|
                            |............                     --------|P....|
                  --- } } } }.................  } } }       ---.}.}.}.}.....|
  |               }..................................       }...............|
  |......        ---)....................................  ---........o.[...|
  |...........................*....................)................... )..d|
  |.................!.................................................:....||
  |........................................................................||
  |........................................................................||
  | } } } } } } } } } } } } } } } } } } } } } } } } } } } } } } } } } } } }||
                                                                          -|-
ArrBianca the Initiate          St:13 Dx:13 Co:15 In:9 Wi:12 Ch:16  Lawful
Dlvl:10 $:413 HP:0(46) Pw:36(36) AC:4  Xp:6 T:3130 

Latest messages:
 The manes staggers from your powerful strike!
 You destroy the manes!
 Welcome to experience level 6.
 You destroy the manes!
 With great effort you move the boulder.
 You descend the stairs.
 Where do you want to travel to?
 (For instructions type a '?')
 You descend the stairs.
 Where do you want to travel to?
 (For instructions type a '?')
 You descend the stairs.
 Where do you want to travel to?
 (For instructions type a '?')
 You are beginning to feel hungry.
 What do you want to eat? [e-hkpqtwM-O or ?*] e
 This food really hits the spot!
 You finish eating the food ration.
 You kill the jackal!
 $ - 46 gold pieces (413 in total).
 You see here a pair of high boots.
 Q - a pair of high boots.
 R - a scroll labeled YUM YUM.
 You find a hidden passage.
 You hear a sound reminiscent of a seal barking.
 You hear a sound reminiscent of an elephant stepping on a peanut.
 You descend the stairs.
 There is a staircase up to level 9 here.
 You see here an acid blob corpse.
 #on: unknown extended command.
 Pick a monster, object or location.
 What do you want to zap? [BHL or ?*] L
 In what direction? k
 The Uruk-hai picks up a rusty orcish helm.
 In what direction? k
 The Uruk-hai picks up a crude short sword.
 You miss the fire elemental.
 You are suddenly very hot!
 The Uruk-hai picks up a burnt crude bow.
 The fire elemental hits!
 You're on fire!
 There is a staircase up to level 9 here.
 You see here an acid blob corpse.
 The winter wolf breathes frost!
 The blast of frost hits the fire elemental!
 The blast of frost hits you!
 The blast of frost bounces!
 The blast of frost hits you!
 You die...
 Do you want your possessions identified? [ynq] (y) q

Inventory:
 Coins    ('$')
  $ - 413 gold pieces
 Armor    ('[')
  a - an uncursed +2 pair of leather gloves (being worn)
  Q - an uncursed +1 pair of high boots
  b - an uncursed +1 robe (being worn)
 Comestibles  ('%')
  f - 5 uncursed apples
  t - a cursed candy bar labeled "Fruity Oaty"
  q - an uncursed cram ration
  e - 4 uncursed food rations
  h - 5 uncursed fortune cookies
  O - an uncursed melon
  g - 6 uncursed oranges
  k - 4 uncursed tripe rations
  p - an uncursed tin of french fried kobold meat
  N - an uncursed tin of szechuan blue jelly
  M - an uncursed egg
  w - an uncursed lichen corpse
 Scrolls  ('?')
  c - a blessed scroll of confuse monster
  R - a blessed scroll of identify
  I - a cursed scroll of magic mapping
 Spellbooks  ('+')
  i - a blessed spellbook of confuse monster
  n - an uncursed spellbook of cure sickness
 Potions  ('!')
  s - an uncursed potion of booze
  D - an uncursed potion of enlightenment
  d - 3 uncursed potions of healing
  J - an uncursed potion of invisibility
  o - an uncursed potion of monster detection
  C - an uncursed potion of see invisible
 Rings    ('=')
  K - a cursed ring of free action (on right hand)
  E - a cursed -1 ring of increase accuracy
 Wands    ('/')
  L - a wand of cold (0:4)
  H - a wand of fire (0:6)
  B - a wand of probing (0:4)
 Tools    ('(')
  A - an empty uncursed sack
  j - a magic marker (0:21)
  y - an uncursed magic whistle

ArrBianca the Monk's attributes:

Background:
 You were an Initiate, a level 6 female human Monk.
 You were lawful, on a mission for Shan Lai Ching
 who was opposed by Chih Sung-tzu (neutral) and Huan Ti (chaotic).
 You were right-handed.
 You were in the Dungeons of Doom, on level 10, a very big room.
 You entered the dungeon 3130 turns ago.
 There was a new moon in effect when your adventure ended.
 You had 324 experience points, 316 more were needed to attain level 7.

Basics:
 You had 0 out of 46 hit points.
 You had all 36 energy points (spell power).
 Your armor class was 4.
 Your wallet contained 413 zorkmids.
 Autopickup was on for '$?!/="+%' plus thrown, with exceptions.

Final Characteristics:
 Your strength was 13 (limit:18/100).
 Your dexterity was 13 (limit:18).
 Your constitution was 15 (limit:18).
 Your intelligence was 9 (limit:18).
 Your wisdom was 12 (limit:18).
 Your charisma was 16 (limit:18).

Final Status:
 You weren't hungry.
 You were unencumbered.
 You were empty handed.
 You were skilled in martial arts.

Final Attributes:
 You were piously aligned.
 You were sleep resistant.
 You were poison resistant.
 You saw invisible.
 You were stealthy.
 You were guarded.
 Your spell casting was enhanced by wearing a robe.
 You were fast.
 You had free action.
 You are dead.

Miscellaneous:
 You encountered 1 bones level.
 Total elapsed playing time was 27 minutes and 30 seconds.

Major events:
 Turn
    1: ArrBianca the lawful female human Monk entered the dungeon
  553: attained the rank of Novice (level 3)
 1915: consulted the Oracle
 2503: entered Sokoban
 2918: attained the rank of Initiate (level 6)
 3125: entered the Bigroom
 3130: killed by a blast of frost exhaled by a winter wolf

Spells:
 Name                 Level Category     Fail Retention
 confuse monster        1   enchantment    0%  76%-100%
 cure sickness          3   healing        0%   81%-90%

Skills:
 Fighting Skills
   martial arts       [Skilled]
 Weapon Skills
   quarterstaff       [Unskilled]
   spear              [Unskilled]
   crossbow           [Unskilled]
   shuriken           [Unskilled]
 Spellcasting Skills
   attack spells      [Unskilled]
   healing spells     [Basic]
   divination spells  [Unskilled]
   enchantment spells [Unskilled]
   clerical spells    [Unskilled]
   escape spells      [Unskilled]
   matter spells      [Unskilled]

Voluntary challenges:
 Character rerolling was not enabled.
 You followed a strict vegan diet.
 You never hit with a wielded weapon.
 You never had a pet.
 You never genocided any monsters.
 You never polymorphed an object.
 You never changed form.
 You used no wishes.
 You did not violate any of the special Sokoban rules.
Achievements:
 You entered a shop.
 You attained the rank of Novice.
 You consulted the Oracle of Delphi.
 You entered Sokoban.
 You attained the rank of Initiate.
 You entered the Big Room.

 The Dungeons of Doom: levels 1 to 10
    Level 1:
       A fountain.
    Level 2:
       An armor shop, a fountain.
    Level 3:
       A scroll shop, some fountains.
    Level 4:
       A fountain.
    Level 5:
       An altar, a fountain.
    Level 6:
       A fountain.
    Level 7:
       Many fountains.
       Oracle of Delphi.
    Level 8:
       Some fountains.
       Stairs up to Sokoban, level 7.
    Level 9:
    Level 10: <- You were here.
       A grave.
       A very big room.
       Final resting place for
          you, killed by a blast of frost exhaled by a winter wolf,
          Brudee-Mon-Hum-Fem-Cha, killed by a blast of frost exhaled by a winter wolf.
 Sokoban:
    Level 7:
       Unsolved.


Vanquished creatures:
  a human zombie
  2 bugbears
  a wood nymph
  a mountain nymph
  3 shriekers
  a gnomish wizard
  a little dog
  a kitten
  a kobold shaman
  a centipede
  3 orc zombies
  2 dwarf zombies
  a werejackal
  2 iguanas
 an acid blob
  a coyote
  3 manes
  a giant rat
  a gnome
  a gnome zombie
  5 geckos
  3 jackals
  a fox
  2 kobolds
  a grid bug
  2 bats
  4 lichens
  a kobold zombie
  3 newts
51 creatures vanquished.

No species were genocided or became extinct.

Game over:
                       ----------
                      /          \
                     /    REST    \
                    /      IN      \
                   /     PEACE      \
                  /                  \
                  |    ArrBianca     |
                  |      413 Au      |
                  |   killed by a    |
                  |  blast of frost  |
                  |   exhaled by a   |
                  |   winter wolf    |
                  |       2026       |
                 *|     *  *  *      | *
        _________)/\\_//(\/(/\)/\//\/|_)_______

Goodbye ArrBianca the Monk...

You died in The Dungeons of Doom on dungeon level 10 with 2159 points,
and 413 pieces of gold, after 3130 moves.
You were level 6 with a maximum of 46 hit points when you died.

